 Dungeon Sprint DCSS version 0.18-a0-1788-g92de1ac (webtiles) character file.

4771 Kidiri the Unseen (level 10, -14/44 HPs)
             Began as a Spriggan Enchanter on Apr 20, 2016.
             Was a Priest of Dithmenos.
             Demolished by a spriggan
             ... wielding a +0 rapier
              (16 damage)
             ... in the Dungeon (Sprint IV: "Fedhas' Mad Dash").
             The game lasted 00:09:04 (1302 turns).

Kidiri the Unseen (Spriggan Enchanter)              Turns: 1302, Time: 00:09:05

Health: -14/44     AC:  4    Str:  4    XL:     10   Next: 23%
Magic:  19/27      EV: 31    Int: 18    God:    Dithmenos [***...]
Gold:   250        SH:  0    Dex: 19    Spells: 6 memorised, 19 levels left

rFire  . . .     SeeInvis +     o - +0 rapier
rCold  . . .     Gourm    .     b - +1 robe
rNeg   . . .     Faith    .     (shield restricted)
rPois  .         Spirit   .     (helmet restricted)
rElec  .         Dismiss  .     l - +0 cloak {+Inv}
rCorr  .         Reflect  .     (gloves unavailable)
SustAt .         Harm     .     (boots unavailable)
MR     +....     NoTele   +     (no amulet)
Stlth  +++++++++.               (no ring)
                                (no ring)

@: very slightly contaminated, wreathed by umbra, repel missiles, very quick,
somewhat resistant to hostile enchantments, incredibly stealthy
A: unfitting armour, see invisible, herbivore 3, speed 3, slow metabolism 2
a: Shadow Step, Renounce Religion, Evoke Invisibility


You were in the Dungeon.
You worshipped Dithmenos.
Dithmenos was most pleased with you.
You were not hungry.

You visited 1 branch You collected 250 gold pieces.

Inventory:

Hand Weapons
 o - a +0 rapier (weapon)
Armour
 b - a +1 robe (worn)
 l - a +0 cloak of invisibility (worn)
Scrolls
 a - a scroll of amnesia {unknown}
 j - a scroll of blinking
 m - 2 scrolls of remove curse {unknown}
 n - a scroll of fear {unknown}
Potions
 e - a potion of curing
 f - a potion of heal wounds
 g - a potion of haste
 h - 2 potions of magic
 i - a potion of berserk rage
 k - a potion of cancellation {unknown}
 p - a potion of cure mutation {unknown}
 r - 2 potions of flight {unknown}
Books
 c - a book of Maledictions

   Spells                             Type                      Level
   a - Corona                         Hexes                        1
   b - Ensorcelled Hibernation        Hexes/Ice                    2
   c - Confuse                        Hexes                        3
   d - Tukima's Dance                 Hexes                        3
   e - Dazzling Spray                 Conjuration/Hexes            3
 q - a book of the Sky

   Spells                             Type                      Level
   a - Summon Lightning Spire         Summoning/Air                4
   b - Airstrike                      Air                          4
   c - Silence                        Hexes/Air                    5
   d - Deflect Missiles               Charms/Air                   6
   e - Conjure Ball Lightning         Conjuration/Air              6
   f - Tornado                        Air                          9
 s - a book of Air

   Spells                             Type                      Level
   a - Shock                          Conjuration/Air              1
   b - Swiftness                      Charms/Air                   2
   c - Repel Missiles                 Charms/Air                   2
   d - Static Discharge               Conjuration/Air              3
   e - Lightning Bolt                 Conjuration/Air              5
Comestibles
 d - a bread ration


   Skills:
 * Level 11.1 Short Blades
 * Level 14.1 Dodging
 * Level 15.3 Stealth
 * Level 12.2 Spellcasting
 + Level 5.1 Conjurations
 * Level 10.6 Hexes
 + Level 5.8 Ice Magic
 - Level 5.0 Invocations
 - Level 1.5 Evocations


You had 19 spell levels left.
You knew the following spells:

 Your Spells              Type           Power        Failure   Level  Hunger
a - Corona                Hex            #####..      1%          1    None
b - Ensorcelled Hibernat  Hex/Ice        #####.       1%          2    None
c - Confuse               Hex            #####...     1%          3    None
d - Tukima's Dance        Hex            #####...     1%          3    None
e - Dazzling Spray        Conj/Hex       #####...     1%          3    None
f - Repel Missiles        Chrm/Air       ##....       12%         2    None


Dungeon Overview and Level Annotations

Branches:
Dungeon (1/1)

Altars:
Cheibriados
Dithmenos
Elyvilon
Gozag
Kikubaaqudgha
Makhleb
Nemelex Xobeh
Okawaru
Pakellas
Qazlal
Ru
Sif Muna
Trog
Vehumet
Xom
Yredelemnul
Zin
The Shining One
Beogh
Jiyva
Lugonu

Shops:
D }*%(}


Innate Abilities, Weirdness & Mutations

You are tiny and cannot use many weapons and most armour.
You have supernaturally acute eyesight.
You are a herbivore.
You cover ground extremely quickly.
You need consume almost no food.


Message History

Aim: a spriggan, wielding a rapier and wearing a robe (umbra)
The spray of energy hits the spriggan.
The spriggan is moderately wounded.
The spray of energy misses the spriggan rider.
The spriggan rider hits you from afar with a spear!!
Ouch! That really hurt!
You emit a cloud of dark smoke.
Unknown command.
There is an open door here.
Casting: Dazzling Spray
Confirm with . or Enter, or press ? or * to list all spells.
Aiming: Dazzling Spray
Press: ? - help, Shift-Dir - straight line, f/p - spriggan
Aim: a spriggan, wielding a rapier and wearing a robe (black smoke, moderately wounded, umbra)
The spray of energy hits the spriggan.
The spriggan is severely wounded.
The spriggan rider hits you from afar with a spear!!
* * * LOW HITPOINT WARNING * * *
The spriggan hits you with a rapier!
You die...

###################
.⌠.#..+.)[#.%..##∩#
._.+..#...#....+.)#
_._#..###+##...##∩# ####
._.#..##∩∩.+...#### ....#
.⌠.#################...∩#
########......###§§...♣
##.'.?+.......'%@ii§♣
#..#.*#.P.....#######
##.##+##.P....# ...#
######## ####


You could see a spriggan rider and a spriggan.

Vanquished Creatures
  A spriggan druid (D)
  6 oklob plants (D)
  A demonic crawler (D)
  3 wandering mushrooms (D)
  3 burning bushes (D)
  A queen bee (D)
  2 scorpions (D)
  4 killer bees (D)
  5 oklob saplings (D)
  A worker ant (D)
  3 spriggans (D)
  A river rat (D)
  A rat (D)
32 creatures vanquished.

Notes
Turn   | Place    | Note
--------------------------------------------------------------
     0 | D        | Kidiri the Spriggan Enchanter began the quest for the Orb.
     0 | D        | Reached XP level 1. HP: 9/9 MP: 5/5
     8 | D        | Reached skill level 5 in Stealth
     8 | D        | Reached XP level 2. HP: 13/13 MP: 5/7
    20 | D        | Learned a level 2 spell: Ensorcelled Hibernation
    34 | D        | Noticed an oklob sapling
    35 | D        | Killed an oklob sapling
    35 | D        | Reached skill level 5 in Dodging
    35 | D        | Reached skill level 6 in Stealth
    35 | D        | Reached XP level 3. HP: 16/16 MP: 7/9
    40 | D        | Learned a level 3 spell: Confuse
    44 | D        | Learned a level 3 spell: Dazzling Spray
    55 | D        | Reached skill level 1 in Ice Magic
    80 | D        | Found a snail-covered altar of Cheibriados.
    80 | D        | Found a glowing silver altar of Zin.
    80 | D        | Found a white marble altar of Elyvilon.
    81 | D        | Found a viscous altar of Jiyva.
    81 | D        | Found a radiant altar of Vehumet.
    81 | D        | Found a deep blue altar of Sif Muna.
    81 | D        | Found a burning altar of Makhleb.
    81 | D        | Found an oddly glowing altar of Pakellas.
    81 | D        | Found an ancient bone altar of Kikubaaqudgha.
    81 | D        | Found a bloodstained altar of Trog.
    81 | D        | Found a corrupted altar of Lugonu.
    81 | D        | Found a sacrificial altar of Ru.
    81 | D        | Noticed an oklob sapling priest
    82 | D        | Found a glowing golden altar of the Shining One.
    82 | D        | Found a sparkling altar of Nemelex Xobeh.
    83 | D        | Found a shadowy altar of Dithmenos.
    84 | D        | Found an iron altar of Okawaru.
    84 | D        | Found a shimmering altar of Xom.
    85 | D        | Found an opulent altar of Gozag.
    86 | D        | Found a basalt altar of Yredelemnul.
    86 | D        | Found a roughly hewn altar of Beogh.
    87 | D        | Killed an oklob sapling priest
    87 | D        | Reached skill level 7 in Stealth
    87 | D        | Reached skill level 5 in Spellcasting
    87 | D        | Reached skill level 1 in Conjurations
    87 | D        | Reached skill level 5 in Hexes
    87 | D        | Reached skill level 1 in Evocations
    87 | D        | Reached XP level 4. HP: 21/21 MP: 8/12
    88 | D        | Found a stormy altar of Qazlal.
    92 | D        | Became a worshipper of Dithmenos the Shadowed
   100 | D        | Reached XP level 5. HP: 24/24 MP: 9/14
   214 | D        | Reached skill level 8 in Stealth
   214 | D        | Reached skill level 1 in Invocations
   216 | D        | Reached skill level 5 in Short Blades
   217 | D        | Reached * piety under Dithmenos
   235 | D        | Found Modwaacu's General Store.
   235 | D        | Found Raczuis's Gadget Emporium.
   246 | D        | Learned a level 3 spell: Tukima's Dance
   321 | D        | Noticed a burning bush
   321 | D        | Noticed a wandering mushroom
   322 | D        | Noticed a wandering mushroom
   325 | D        | Killed a burning bush
   325 | D        | Reached skill level 10 in Stealth
   325 | D        | Reached XP level 6. HP: 28/28 MP: 13/17
   326 | D        | Killed a wandering mushroom
   326 | D        | Reached skill level 11 in Stealth
   326 | D        | Reached XP level 7. HP: 32/32 MP: 14/20
   327 | D        | Reached skill level 10 in Dodging
   335 | D        | Killed a wandering mushroom
   416 | D        | Found Ipsey's Food Shoppe.
   417 | D        | Found Ockicus's Antique Weapon Emporium.
   571 | D        | Noticed a queen bee
   576 | D        | Killed a queen bee
   576 | D        | Reached ** piety under Dithmenos
   576 | D        | Reached skill level 12 in Stealth
   576 | D        | Reached XP level 8. HP: 36/36 MP: 20/22
   588 | D        | Noticed an oklob plant
   591 | D        | Killed an oklob plant
   591 | D        | Reached skill level 13 in Stealth
   591 | D        | Reached skill level 10 in Spellcasting
   723 | D        | Noticed a burning bush
   770 | D        | Killed a burning bush
   770 | D        | Reached *** piety under Dithmenos
   770 | D        | Reached skill level 5 in Invocations
   905 | D        | Noticed a burning bush
   905 | D        | Noticed an oklob plant
   906 | D        | Noticed a wandering mushroom
   907 | D        | Killed a burning bush
   907 | D        | Reached XP level 9. HP: 39/39 MP: 24/24
   911 | D        | Killed an oklob plant
   911 | D        | Reached skill level 5 in Ice Magic
   913 | D        | Reached skill level 14 in Stealth
  1103 | D        | Reached skill level 10 in Short Blades
  1131 | D        | Noticed a spriggan druid
  1132 | D        | Killed a spriggan druid
  1145 | D        | Noticed an oklob plant conjurer
  1146 | D        | Killed an oklob plant conjurer
  1152 | D        | Learned a level 2 spell: Repel Missiles
  1226 | D        | Noticed an oklob plant
  1226 | D        | Noticed an oklob plant summoner
  1227 | D        | Noticed an oklob plant shifter
  1231 | D        | Killed an oklob plant
  1231 | D        | Reached skill level 10 in Hexes
  1233 | D        | Killed an oklob plant summoner
  1233 | D        | Reached skill level 15 in Stealth
  1233 | D        | Reached XP level 10. HP: 44/44 MP: 16/26
  1237 | D        | Killed an oklob plant shifter
  1237 | D        | Reached skill level 5 in Conjurations
  1293 | D        | Noticed a spriggan rider
  1294 | D        | Found Ampik's Gadget Emporium.
  1302 | D        | HP: 2/44 [spriggan rider/spear (20)]
  1302 | D        | Demolished by a spriggan

Vault maps used:
D:        dungeon_sprint_fedhas

Skill      XL: |  1  2  3  4  5  6  7  8  9 10 |
---------------+-------------------------------+-----
Short Blades   | 2 3 4 6 7 8 9 10 11 | 11.1
Dodging        | 4 5 6 9 10 12 13 14 | 14.1
Stealth        | 5 6 7 10 11 12 13 15 | 15.3
Spellcasting   | 3 4 5 6 7 8 9 10 11 12 | 12.2
Hexes          | 4 5 6 7 8 10 | 10.6
Ice Magic      | 1 3 4 5 |  5.8
Conjurations   | 1 2 3 4 5 |  5.1
Evocations     | 1 |  1.5
Invocations    | 2 3 4 5 |  5.0

Action                   |  1- 3 |  4- 6 |  7- 9 | 10-12 || total
-------------------------+-------+-------+-------+-------++-------
Melee: Dagger            |    12 |     4 |       |       ||    16
       Rapier            |       |     2 |    70 |     6 ||    78
 Cast: Dazzling Spray    |       |       |    11 |     3 ||    14
       Confuse           |       |       |     5 |       ||     5
       Repel Missiles    |       |       |     1 |       ||     1
Invok: Shadow Step       |       |       |     3 |       ||     3
 Abil: Evoke Invisibilit |     1 |     2 |     5 |       ||     8
  Use: Potion            |       |       |     1 |       ||     1
 Stab: Sleeping          |     4 |     6 |    15 |     2 ||    27
       Invisible         |       |       |     2 |     1 ||     3
       Confused          |       |       |     1 |       ||     1
  Eat: Royal jelly       |       |       |     3 |       ||     3
Armor: Robe              |     1 |       |       |       ||     1
Dodge: Dodged            |     6 |       |    21 |       ||    27
       Deflected         |       |       |       |     1 ||     1
